 Dungeon Crawl Stone Soup version 0.27-a0-1051-g288ea87c7c (webtiles) character file.

Game seed: 11083764832074376489

69 jasper the Skirmisher (level 4, 0/35 HPs)
             Began as a Demonspawn Artificer on Apr 20, 2021.
             Slain by a phantom (4 damage)
             ... on level 2 of the Dungeon.
             The game lasted 00:03:41 (1467 turns).

jasper the Skirmisher (Demonspawn Artificer)        Turns: 1467, Time: 00:03:42

Health: 0/35       AC:  5    Str: 13    XL:     4   Next: 2%
Magic:  4/4        EV: 10    Int: 13    God:
Gold:   29         SH:  0    Dex: 13    Spells: 3/3 levels left

rFire    . . .     SeeInvis .     - Unarmed
rCold    . . .     Faith    .   (no shield)
rNeg     . . .     Spirit   .   h - +0 ring mail
rPois    .         Reflect  .   (no helmet)
rElec    .         Harm     .   (no cloak)
rCorr    .         Rampage  .   (no gloves)
Will     .....                  (no boots)
Stlth    +.........             (no amulet)
HPRegen  0.11/turn              (no ring)
MPRegen  0.09/turn              (no ring)

@: no status effects
A: claws 2
a: no special abilities


You were on level 2 of the Dungeon.
You visited 1 branch of the dungeon, and saw 2 of its levels.

You collected 29 gold pieces.

Inventory:

Hand Weapons
 a - a +0 club
 g - a +0 spear
Missiles
 f - 19 sling bullets
 n - 16 stones (quivered)
Armour
 b - a +0 leather armour
 h - a +0 ring mail (worn)
Wands
 d - a wand of charming (14)
Scrolls
 c - a scroll of noise {unknown}
 j - a scroll of teleportation {unknown}
 p - a scroll of summoning {unknown}
 q - 2 scrolls of identify {unknown}
Potions
 i - 3 potions of curing {unknown}
 k - a potion of lignification {unknown}
 l - 2 potions of heal wounds {unknown}
 m - a potion of flight {unknown}
 o - a potion of might {unknown}
Miscellaneous
 e - a piece from Xom's chessboard (4/15)


   Skills:
 + Level 3.2 Fighting
 - Level 1.7 Armour
 - Level 0.8 Dodging
 - Level 0.8 Stealth
 + Level 1.6 Unarmed Combat
 - Level 3.0 Evocations


You had 3 spell levels left.
You didn't know any spells.
Your spell library was empty.

Dungeon Overview and Level Annotations

Branches:
Dungeon (2/15)

Altars:

Annotations:
D:2 Terence


Innate Abilities, Weirdness & Mutations

You have very sharp fingernails.


Message History

The phantom is lightly damaged.
The phantom completely misses you.
You scratch the phantom.
The phantom is lightly damaged.
The phantom misses you.
You scratch the phantom.
The phantom is lightly damaged.
Terence hits the phantom with a +0 falchion.
The phantom hits you!
The phantom blinks!
You blink.
You take 8 damage, and have 21/35 hp.
MASSIVE DAMAGE!!
The phantom hits you.
You take 5 damage, and have 16/35 hp.
You closely miss the phantom.
The phantom is moderately damaged.
Terence misses the phantom.
You barely miss the phantom.
The phantom is moderately damaged.
The phantom hits you.
Terence barely misses the phantom.
You take 2 damage, and have 14/35 hp.
You closely miss the phantom.
The phantom is moderately damaged.
The phantom hits you.
Terence hits the phantom with a +0 falchion.
You take 1 damage, and have 13/35 hp.
You scratch the phantom.
The phantom is severely damaged.
The phantom hits you!
* * * LOW HITPOINT WARNING * * *
Terence misses the phantom.
You take 7 damage, and have 6/35 hp.
The phantom hits you.
* * * LOW HITPOINT WARNING * * *
The phantom blinks!
You blink.
You take 2 damage, and have 4/35 hp.
The phantom barely misses you.
Terence misses the phantom.
Terence hits the phantom with a +0 falchion.
There is an open door here.
You make a move on Xom's chessboard...
The phantom seems to slow down.
Terence is no longer charmed.
The phantom hits you.
You die...

#.......###.####.########.
#.......#<................
#.......###.####.########.
#.......# #.# #.# #.
#.......# #.# #.# .
#.......# #.# #.# .
#.......# #.####.# .
+.......###......+
#......@W@...###.#
#.......###### #.......#
##+####.# #.#
..W............
..............#
#######.####### #.#


You could see a phantom (slow) and Terence.

Vanquished Creatures
  3 adders (D:2)
  A worm (D:2)
  5 ball pythons
  3 endoplasms
  3 giant cockroaches
  4 goblins
  4 hobgoblins
  2 kobolds (D:1)
  5 bats
  2 frilled lizards (D:1)
  4 rats
36 creatures vanquished.

Vanquished Creatures (others)
  An endoplasm (D:1)
1 creature vanquished.

Grand Total: 37 creatures vanquished

Notes
Turn   | Place    | Note
-------+----------+-------------------------------------------
     0 | D:1      | jasper the Demonspawn Artificer began the quest for the
                  | Orb.
     0 | D:1      | Reached XP level 1. HP: 15/15 MP: 1/1
   150 | D:1      | Gained mutation: You have sharp fingernails. [demonic
                  | ancestry]
   150 | D:1      | Reached XP level 2. HP: 22/22 MP: 2/2
   561 | D:1      | Found a faded altar of an unknown god.
   804 | D:2      | Reached XP level 3. HP: 26/28 MP: 3/3
  1001 | D:2      | Reached skill level 1 in Unarmed Combat
  1384 | D:2      | Gained mutation: You have very sharp fingernails. [demonic
                  | ancestry]
  1384 | D:2      | Reached XP level 4. HP: 35/35 MP: 4/4
  1432 | D:2      | Noticed Terence
  1432 | D:2      | Noticed a phantom
  1467 | D:2      | Slain by a phantom

Illustrated notes

Levels and vault maps discovered:
D:1:      dpeg_arrival_erosion, layout_rooms, basic_ecumenical_altar,
          lemuel_old_faithful
D:2:      layout_basic, uniq_terence

Skill      XL: |  1  2  3 |
---------------+----------+-----
Fighting       | 2 3 |  3.2
Unarmed Combat | 1 |  1.6
Armour         | |  1.7
Dodging        | |  0.8
Stealth        | |  0.8
Evocations     | |  3.0

Action                   |  1- 3 |  4- 6 || total
-------------------------+-------+-------++-------
Melee: Unarmed           |    91 |    11 ||   102
       Spear             |     8 |       ||     8
Throw: Stone             |    16 |       ||    16
Evoke: Wand              |    15 |     1 ||    16
       Piece from Xom's  |    13 |     1 ||    14
 Stab: Petrified         |    14 |       ||    14
       Paralysed         |     4 |       ||     4
       Confused          |     2 |       ||     2
Armor: Ring mail         |    35 |     1 ||    36
Dodge: Dodged            |    38 |     4 ||    42

Table legend: (Time is in decaauts)
 A = Elapsed time spent in this place.
 B = Non-inter-level travel time spent in this place.
 C = Inter-level travel time spent in this place.
 D = Time resting spent in this place.
 E = Time spent auto-exploring this place.
 F = Levels seen in this place.
 G = Mean time per level.
                   A        B        C        D        E       F      G
               +--------+--------+--------+--------+--------+-----+--------+
         Total |   1470 |   1435 |     35 |      6 |   1057 |   2 |  735.0 |
       Dungeon |   1470 |   1435 |     35 |      6 |   1057 |   2 |  735.0 |
               +--------+--------+--------+--------+--------+-----+--------+

Top non-repeatable levels by time:
     D:2: 772 daAuts
     D:1: 698 daAuts
